PCL
DISTRICT 9 PRAWNS @ WALLA WALLA ALL-STARS
04/29/2023
 
TOP OF THE 1ST
District 9 Prawns batting - Pitching for Walla Walla All-Stars : LHP José Garza
Pitching: LHP José Garza
Batting: RHB Lúcio García 0-0: SINGLE (Line Drive, 9LM)
Batting: RHB Alfredo Cortéz 0-0: Ball
1-0: Ball
2-0: Foul Ball, location: 2F
2-1: Called Strike
2-2: Foul Ball, location: 2F
2-2: Ball
3-2: Base on Balls
Lúcio García to second
Batting: RHB Alonso Holguín 0-0: Called Strike
0-1: Called Strike
Lúcio García steals 3rd base
Alfredo Cortéz to second
0-2: Ball
1-2: Ground out 6-3 (Groundball, 6M)
Lúcio García scores
Alfredo Cortéz to third
Batting: LHB Leland Hardy 0-0: Ball
1-0: Called Strike
1-1: Called Strike
1-2: Ball
2-2: Ball
3-2: Foul Ball, location: 2F
3-2: Foul Ball, location: 2F
3-2: Base on Balls
Batting: RHB Bill Beck 0-0: Ball
1-0: Called Strike
1-1: Ball
2-1: Ball
3-1: Foul Ball, location: 2F
3-2: Foul Ball, location: 2F
3-2: Strikes out looking
Batting: RHB Robert Bly 0-0: Ball
1-0: SINGLE (Groundball, 56D)
Alfredo Cortéz scores
Leland Hardy to second
Batting: RHB Robert Buckley 0-0: Foul Ball, location: 2F
0-1: Ball
1-1: Called Strike
1-2: Strikes out swinging
Top of the 1st over - 2 run(s), 2 hit(s), 0 error(s), 2 left on base; District 9 2 - Walla Walla 0
BOTTOM OF THE 1ST
Walla Walla All-Stars batting - Pitching for District 9 Prawns : LHP David Jackson
Pitching: LHP David Jackson
Batting: LHB Keith Beard 0-0: Ball
1-0: Ball
2-0: Foul Ball, location: 2F
2-1: Ball
3-1: Bunt missed!
3-2: Ground out U3 (Groundball, 3)
Batting: RHB Jim Dunbar 0-0: Called Strike
0-1: Swinging Strike
0-2: Strikes out swinging
Batting: RHB Lorenzo Morín 0-0: Ball
1-0: Foul Ball, location: 2F
1-1: Foul Ball, location: 2F
1-2: Ball
2-2: SINGLE (Groundball, 6MD)
Batting: RHB Claudio Guerra 0-0: Ball
1-0: Foul Ball, location: 2F
1-1: Foul Ball, location: 2F
1-2: Ground out 5-3 (Groundball, 5)
Bottom of the 1st over - 0 run(s), 1 hit(s), 0 error(s), 1 left on base; District 9 2 - Walla Walla 0
TOP OF THE 2ND
District 9 Prawns batting - Pitching for Walla Walla All-Stars : LHP José Garza
Batting: RHB Manuel Cortéz 0-0: Ball
1-0: Called Strike
1-1: Swinging Strike
1-2: Ball
2-2: Strikes out swinging
Batting: SHB Mark Pope 0-0: Called Strike
0-1: Ball
1-1: Ball
2-1: Ball
3-1: Swinging Strike
3-2: Fly out, F8 (Flyball, 8LM)
Batting: RHB Lúcio García 0-0: Called Strike
0-1: Foul Ball, location: 2F
0-2: Ball
1-2: Fly out, F7 (Line Drive, 7S)
Top of the 2nd over - 0 run(s), 0 hit(s), 0 error(s), 0 left on base; District 9 2 - Walla Walla 0
BOTTOM OF THE 2ND
Walla Walla All-Stars batting - Pitching for District 9 Prawns : LHP David Jackson
Batting: RHB Leslie Penn 0-0: SOLO HOME RUN (Flyball, 78XD), Distance : 401 ft
Batting: RHB Jeff Thompson 0-0: Swinging Strike
0-1: Ball
1-1: Called Strike
1-2: Ground out 6-3 (Groundball, 6)
Batting: RHB Daniel Guerrero 0-0: Ball
1-0: Ground out 6-3 (Groundball, 6M)
Batting: RHB Carlos García 0-0: Ball
1-0: Ball
2-0: Called Strike
2-1: Swinging Strike
2-2: Ball
3-2: Foul Ball, location: 2F
3-2: Foul Ball, location: 2F
3-2: Base on Balls
Batting: RHB Pablo Castillo 0-0: Called Strike
0-1: Ball
1-1: Foul Ball, location: 2F
1-2: Ball
2-2: Foul Ball, location: 2F
2-2: SINGLE (Line Drive, 4D)
Carlos García to second
Runner from 2nd tries for 3rd, SAFE, throw made to third
Batting: LHB Keith Beard 0-0: Ball
1-0: Fly out, F8 (Flyball, 8LS)
Bottom of the 2nd over - 1 run(s), 2 hit(s), 0 error(s), 2 left on base; District 9 2 - Walla Walla 1
TOP OF THE 3RD
District 9 Prawns batting - Pitching for Walla Walla All-Stars : LHP José Garza
Batting: RHB Alfredo Cortéz 0-0: Ball
1-0: Ball
2-0: Ball
3-0: Base on Balls
Batting: RHB Alonso Holguín 0-0: Called Strike
0-1: Ball
1-1: Ball
2-1: Ball
3-1: Called Strike
3-2: Foul Ball, location: 2F
3-2: SINGLE (Groundball, 56D)
Alfredo Cortéz to second
Batting: LHB Leland Hardy 0-0: Called Strike
0-1: Swinging Strike
0-2: Ball
1-2: Strikes out swinging
Batting: RHB Bill Beck 0-0: Ball
1-0: Ball
2-0: Ball
3-0: Base on Balls
Alfredo Cortéz to third
Alonso Holguín to second
Batting: RHB Robert Bly 0-0: Foul Ball, location: 2F
0-1: Ball
1-1: Ball
2-1: Grounds into double play, 6-4-3 (Groundball, 6)
Top of the 3rd over - 0 run(s), 1 hit(s), 0 error(s), 2 left on base; District 9 2 - Walla Walla 1
BOTTOM OF THE 3RD
Walla Walla All-Stars batting - Pitching for District 9 Prawns : LHP David Jackson
Batting: RHB Jim Dunbar 0-0: Called Strike
0-1: Called Strike
0-2: Ball
1-2: Ball
2-2: Ball
3-2: Foul Ball, location: 2F
3-2: Strikes out swinging
Batting: RHB Lorenzo Morín 0-0: Called Strike
0-1: Foul Ball, location: 2F
0-2: Ball
1-2: Ball
2-2: Foul Ball, location: 2F
2-2: Strikes out looking
Batting: RHB Claudio Guerra 0-0: Ball
1-0: Ball
2-0: Ball
3-0: Base on Balls
Batting: RHB Leslie Penn 0-0: Ball
1-0: Swinging Strike
1-1: Ball
2-1: Ball
3-1: Base on Balls
Claudio Guerra to second
Batting: RHB Jeff Thompson 0-0: Ball
1-0: Called Strike
1-1: Ball
2-1: DOUBLE (Line Drive, 89D)
Claudio Guerra scores
Leslie Penn to third
Runner from 3rd tries for Home, SAFE, no throw or cutoff
Batting: RHB Daniel Guerrero 0-0: Ball
1-0: Called Strike
1-1: Ball
2-1: Ball
3-1: 2-RUN HOME RUN (Flyball, 9D), Distance : 391 ft
Batting: RHB Carlos García 0-0: Called Strike
0-1: Foul Ball, location: 2F
0-2: Fly out, F9 (Flyball, 89D)
Bottom of the 3rd over - 4 run(s), 2 hit(s), 0 error(s), 0 left on base; District 9 2 - Walla Walla 5
TOP OF THE 4TH
District 9 Prawns batting - Pitching for Walla Walla All-Stars : LHP José Garza
Batting: RHB Robert Buckley 0-0: Swinging Strike
0-1: Foul Ball, location: 2F
0-2: Ball
1-2: Strikes out swinging
Batting: RHB Manuel Cortéz 0-0: Ball
1-0: Ball
2-0: Ground out 6-3 (Groundball, 6M)
Batting: SHB Mark Pope 0-0: Foul Ball, location: 2F
0-1: Ball
1-1: Foul Ball, location: 2F
1-2: Ball
2-2: Fly out, F7 (Flyball, 7M)
Top of the 4th over - 0 run(s), 0 hit(s), 0 error(s), 0 left on base; District 9 2 - Walla Walla 5
BOTTOM OF THE 4TH
Walla Walla All-Stars batting - Pitching for District 9 Prawns : LHP David Jackson
Batting: RHB Pablo Castillo 0-0: Ball
1-0: Ball
2-0: Fly out, F6 (Popup, 3F)
Batting: LHB Keith Beard 0-0: Ball
1-0: Ball
2-0: Ball
3-0: Called Strike
3-1: Foul Ball, location: 2F
3-2: Base on Balls
Batting: RHB Jim Dunbar 0-0: Ball
1-0: Foul Ball, location: 2F
1-1: Foul Ball, location: 2F
1-2: Strikes out swinging
Batting: RHB Lorenzo Morín 0-0: Ball
1-0: SINGLE (Groundball, 5D)
Keith Beard to second
Batting: RHB Claudio Guerra 0-0: Swinging Strike
0-1: Ground out 1-3 (Groundball, 13S)
Bottom of the 4th over - 0 run(s), 1 hit(s), 0 error(s), 2 left on base; District 9 2 - Walla Walla 5
TOP OF THE 5TH
District 9 Prawns batting - Pitching for Walla Walla All-Stars : LHP José Garza
Batting: RHB Lúcio García 0-0: Foul Ball, location: 2F
0-1: Swinging Strike
0-2: Ball
1-2: SINGLE (Groundball, 4MD) (infield hit)
Batting: RHB Alfredo Cortéz 0-0: Ground out 1-3 (Groundball, 13)
Lúcio García to second
Batting: RHB Alonso Holguín 0-0: Swinging Strike
0-1: Ball
1-1: Foul Ball, location: 2F
1-2: Ball
2-2: Ball
3-2: SINGLE (Groundball, 6M)
Lúcio García to third
Runner from 3rd tries for Home, SAFE, no throw or cutoff
Batting: LHB Leland Hardy 0-0: Swinging Strike
0-1: Ball
1-1: Ball
2-1: Foul Ball, location: 2F
2-2: Foul Ball, location: 2F
2-2: Ground out 4-3 (Groundball, 13)
Alonso Holguín to second
Pitching: LHP Pedro Torres
Batting: RHB Bill Beck 0-0: Called Strike
0-1: Fly out, F6 (Line Drive, 6M)
Top of the 5th over - 1 run(s), 2 hit(s), 0 error(s), 1 left on base; District 9 3 - Walla Walla 5
BOTTOM OF THE 5TH
Walla Walla All-Stars batting - Pitching for District 9 Prawns : LHP David Jackson
Pitching: RHP Ángel Polanco
Batting: RHB Leslie Penn 0-0: Ball
1-0: Ball
2-0: Ball
3-0: Base on Balls
Batting: RHB Jeff Thompson 0-0: Ball
1-0: Foul Ball, location: 2F
1-1: Foul Ball, location: 2F
1-2: Foul Ball, location: 2F
1-2: Foul Ball, location: 2F
1-2: Ball
2-2: Strikes out swinging
Batting: RHB Daniel Guerrero 0-0: Called Strike
Leslie Penn steals 2nd base
0-1: Ground out 4-3 (Groundball, 4M)
Leslie Penn to third
Batting: RHB Carlos García 0-0: Called Strike
0-1: Ball
Wild Pitch!
Leslie Penn scores
1-1: Called Strike
1-2: Ball
2-2: SINGLE (Line Drive, 8LS)
Batting: RHB Pablo Castillo 0-0: Called Strike
0-1: Ball
1-1: Ball
2-1: Called Strike
2-2: Foul Ball, location: 2F
2-2: Foul Ball, location: 2F
2-2: Ball
3-2: 2-RUN HOME RUN (Flyball, 78XD), Distance : 400 ft
Batting: LHB Keith Beard 0-0: Called Strike
0-1: Ball
1-1: Ball
2-1: Ball
3-1: Called Strike
3-2: Foul Ball, location: 2F
3-2: Fly out, F9 (Flyball, 89M)
Bottom of the 5th over - 3 run(s), 2 hit(s), 0 error(s), 0 left on base; District 9 3 - Walla Walla 8
TOP OF THE 6TH
District 9 Prawns batting - Pitching for Walla Walla All-Stars : LHP Pedro Torres
Batting: RHB Robert Bly 0-0: Fly out, F9 (Flyball, 9LM)
Batting: RHB Robert Buckley 0-0: Called Strike
0-1: Foul Ball, location: 2F
0-2: Strikes out swinging
Batting: RHB Manuel Cortéz 0-0: Swinging Strike
0-1: Called Strike
0-2: Strikes out swinging
Top of the 6th over - 0 run(s), 0 hit(s), 0 error(s), 0 left on base; District 9 3 - Walla Walla 8
BOTTOM OF THE 6TH
Walla Walla All-Stars batting - Pitching for District 9 Prawns : RHP Ángel Polanco
Pitching: RHP Juan Cervantes
Batting: RHB Jim Dunbar 0-0: Foul Ball, location: 2F
0-1: SINGLE (Flyball, 8LS)
Batting: RHB Lorenzo Morín 0-0: Ball
1-0: Swinging Strike
1-1: Called Strike
1-2: Ball
2-2: Strikes out swinging
Batting: RHB Claudio Guerra 0-0: Ball
1-0: Swinging Strike
1-1: Ball
2-1: Fly out, F8 (Flyball, 8LM)
Batting: RHB Leslie Penn 0-0: Foul Ball, location: 2F
0-1: Called Strike
0-2: Ball
1-2: Foul Ball, location: 2F
1-2: Ball
2-2: Ball
3-2: Foul Ball, location: 2F
3-2: Foul Ball, location: 2F
3-2: Base on Balls
Jim Dunbar to second
Batting: RHB Jeff Thompson 0-0: Ball
1-0: Ball
2-0: Called Strike
2-1: Fielders Choice at 2nd, U6 (Groundball, 6M)
Bottom of the 6th over - 0 run(s), 1 hit(s), 0 error(s), 2 left on base; District 9 3 - Walla Walla 8
TOP OF THE 7TH
District 9 Prawns batting - Pitching for Walla Walla All-Stars : LHP Pedro Torres
Batting: SHB Mark Pope 0-0: Swinging Strike
0-1: Called Strike
0-2: Ball
1-2: Foul Ball, location: 2F
1-2: Foul Ball, location: 2F
1-2: Ball
2-2: Ball
3-2: Base on Balls
Batting: RHB Lúcio García 0-0: Ball
1-0: Foul Ball, location: 2F
1-1: Ball
2-1: Foul Ball, location: 2F
2-2: Strikes out swinging
Batting: RHB Alfredo Cortéz 0-0: Ball
1-0: Ball
2-0: Called Strike
2-1: Swinging Strike
2-2: 2-RUN HOME RUN (Flyball, 78XD), Distance : 419 ft
Batting: RHB Alonso Holguín 0-0: Called Strike
0-1: Swinging Strike
0-2: Strikes out looking
Batting: LHB Leland Hardy 0-0: Called Strike
0-1: Ball
1-1: Ball
2-1: Ball
3-1: Base on Balls
Batting: RHB Bill Beck 0-0: Called Strike
0-1: Called Strike
0-2: Strikes out swinging
Top of the 7th over - 2 run(s), 1 hit(s), 0 error(s), 1 left on base; District 9 5 - Walla Walla 8
BOTTOM OF THE 7TH
Walla Walla All-Stars batting - Pitching for District 9 Prawns : RHP Juan Cervantes
Batting: RHB Daniel Guerrero 0-0: Ball
1-0: Called Strike
1-1: Ground out 5-3 (Groundball, 5)
Batting: RHB Carlos García 0-0: Foul Ball, location: 2F
0-1: Foul Ball, location: 2F
0-2: Strikes out swinging
Batting: RHB Pablo Castillo 0-0: Called Strike
0-1: Ball
1-1: Ball
2-1: Ball
3-1: Base on Balls
Pitching: RHP Bill McKinney
Batting: LHB Keith Beard 0-0: Swinging Strike
0-1: Ball
1-1: SINGLE (Line Drive, 8RS)
Pablo Castillo to second
Batting: RHB Jim Dunbar 0-0: Ball
1-0: Ball
2-0: Ball
3-0: Base on Balls
Pablo Castillo to third
Keith Beard to second
Batting: RHB Lorenzo Morín 0-0: Called Strike
0-1: Ball
1-1: Foul Ball, location: 2F
1-2: Ball
2-2: Foul Ball, location: 2F
2-2: SINGLE (Line Drive, 34)
Pablo Castillo scores
Keith Beard to third
Jim Dunbar to second
Runner from 3rd tries for Home, SAFE, no throw or cutoff
Batting: RHB Claudio Guerra 0-0: Ball
Wild Pitch!
Jim Dunbar to third
Lorenzo Morín to second
1-0: Ball
2-0: Ground out 4-3 (Groundball, 4)
Bottom of the 7th over - 2 run(s), 2 hit(s), 0 error(s), 2 left on base; District 9 5 - Walla Walla 10
TOP OF THE 8TH
District 9 Prawns batting - Pitching for Walla Walla All-Stars : LHP Pedro Torres
Pitching: RHP Ricky Gutiérrez
Batting: RHB Robert Bly 0-0: Foul Ball, location: 2F
0-1: Fly out, F7 (Flyball, 78S)
Batting: RHB Robert Buckley 0-0: Called Strike
0-1: Ground out 4-3 (Groundball, 4)
Batting: RHB Manuel Cortéz 0-0: Foul Ball, location: 2F
0-1: Ball
1-1: Ball
2-1: Ball
3-1: Fly out, F9 (Flyball, 9LMF)
Top of the 8th over - 0 run(s), 0 hit(s), 0 error(s), 0 left on base; District 9 5 - Walla Walla 10
BOTTOM OF THE 8TH
Walla Walla All-Stars batting - Pitching for District 9 Prawns : RHP Bill McKinney
Batting: RHB Leslie Penn 0-0: Called Strike
0-1: Swinging Strike
0-2: Ball
1-2: Foul Ball, location: 2F
1-2: Foul Ball, location: 2F
1-2: Ball
2-2: Strikes out swinging
Batting: RHB Jeff Thompson 0-0: Ball
1-0: Ball
2-0: Foul Ball, location: 2F
2-1: Ball
3-1: Called Strike
3-2: Foul Ball, location: 2F
3-2: Base on Balls
Batting: RHB Daniel Guerrero 0-0: Ball
1-0: Called Strike
1-1: Ball
2-1: Fly out, F9 (Popup, 9S)
Batting: RHB Carlos García 0-0: Ball
1-0: Ball
2-0: Ground out 4-3 (Groundball, 4)
Bottom of the 8th over - 0 run(s), 0 hit(s), 0 error(s), 1 left on base; District 9 5 - Walla Walla 10
TOP OF THE 9TH
District 9 Prawns batting - Pitching for Walla Walla All-Stars : RHP Ricky Gutiérrez
Pitching: LHP Pepe Caro
Batting: SHB Mark Pope 0-0: Foul Ball, location: 2F
0-1: Foul Ball, location: 2F
0-2: Ball
1-2: Ball
2-2: Foul Ball, location: 2F
2-2: Foul Ball, location: 2F
2-2: Ball
3-2: Foul Ball, location: 2F
3-2: SINGLE (Groundball, 6MD)
Batting: RHB Lúcio García 0-0: Called Strike
0-1: Swinging Strike
0-2: Strikes out swinging
Batting: RHB Alfredo Cortéz 0-0: Fly out, F7 (Flyball, 78D)
Batting: RHB Alonso Holguín 0-0: Called Strike
0-1: Swinging Strike
0-2: Strikes out swinging
Top of the 9th over - 0 run(s), 1 hit(s), 0 error(s), 1 left on base; District 9 5 - Walla Walla 10
This league is powered by Out of the Park Baseball, the baseball management simulation game for PC, Mac and Linux
Wednesday, December 2nd, 2015 - OOTP Baseball 16.8 Build 38